 Dungeon Crawl Stone Soup version 0.31-a0-774-g0d66cbabe8 (webtiles) character file.

Game seed: 12079518333797519217

749 Conn the Sneak (level 7, -9/45 HPs)
             Began as an Octopode Fire Elementalist on Sept 17, 2023.
             Mangled by Menkaure (22 damage)
             ... on level 4 of the Dungeon.
             The game lasted 00:06:59 (4102 turns).

Conn the Sneak (Octopode Fire Elementalist)         Turns: 4102, Time: 00:07:00

Health: -9/45      AC:  1    Str:  7    XL:     7   Next: 77%
Magic:  0/13       EV: 14    Int: 20    God:
Gold:   252        SH:  0    Dex: 18    Spells: 4/14 levels left

rFire   . . .        a - +2 short sword (vamp)
rCold   . . .        (no shield)
rNeg    . . .        (helmet restricted)
rPois   .            (no amulet)
rElec   .            h - +6 ring of dexterity
rCorr   .            m - ring of willpower
SInv    .            (no ring)
Will    +....        (no ring)
Stlth   ++++         (no ring)
HPRegen 0.27/turn    (no ring)
MPRegen 0.13/turn    (no ring)
                     (no ring)

%: no passive effects
@: very slightly contaminated
A: almost no armour, amphibious, 8 rings, camouflage 1, gelatinous body 1,
(nimble swimmer 1), tentacles
a: no special abilities


You were on level 4 of the Dungeon.
You visited 2 branches of the dungeon, and saw 6 of its levels.

You collected 252 gold pieces.

Inventory:

Hand Weapons
 a - a +2 vampiric short sword (weapon)
 b - a +0 sling of freezing
 c - a +0 dagger
Jewellery
 h - a +6 ring of dexterity (left tentacle)
 m - a ring of willpower (right tentacle)
Wands
 s - a wand of paralysis (9)
 t - a wand of flame (14)
Scrolls
 e - 8 scrolls of identify
 f - a scroll of blinking
 g - 2 scrolls of noise
 o - a scroll of fog {unknown}
 p - a scroll of fear {unknown}
 q - a scroll of butterflies {unknown}
 r - a scroll of immolation
Potions
 d - a potion of magic
 i - a potion of haste {unknown}
 j - a potion of mutation {unknown}
 k - a potion of degeneration
 l - 2 potions of curing
 n - a potion of heal wounds {unknown}


   Skills:
 + Level 2.7 Fighting
 + Level 3.4 Dodging
 + Level 4.8 Stealth
 * Level 4.2 Spellcasting
 * Level 4.1 Conjurations
 + Level 4.1 Fire Magic


You had 4 spell levels left.
You knew the following spells:

 Your Spells              Type           Power      Damage    Failure   Level
a - Foxfire               Conj/Fire      80%        2x1d8     2%          1
b - Scorch                Fire           42%        2d6       3%          2
c - Inner Flame           Hex/Fire       12%        N/A       16%         3
d - Flame Wave            Conj/Fire      20%        2d7       22%         4

Your spell library contained the following spells:

 Spells                   Type           Power      Damage    Failure   Level
 Volatile Blastmotes      Fire/Tloc      24%        2d12      16%         3
 Haunt                    Necr/Summ      2%         N/A       100%        7
 Borgnjor's Revivificati  Necr           2%         N/A       100%        8
 Death's Door             Necr           2%         N/A       100%        9


Dungeon Overview and Level Annotations

Branches:
Dungeon (5/15)             Temple (1/1) D:4

Altars:
Ashenzari
Dithmenos
Gozag
Kikubaaqudgha
Makhleb
Nemelex Xobeh
Okawaru
Ru
Uskayaw
Vehumet
Wu Jian
Xom
Yredelemnul
Zin
The Shining One

Annotations:
D:4 Menkaure


Innate Abilities, Weirdness & Mutations

You cannot wear most types of armour.
You are amphibious.
You can wear up to eight rings at the same time.
Your skin changes colour to match your surroundings (Stealth+).
Your rubbery body absorbs attacks. (AC +1, EV +1)
((You are camouflaged when in or above water. (Stealth+)))
You have tentacles for arms and can constrict up to eight enemies at once.


Message History

Level annotation: Menkaure
There is a stone staircase leading down here.
Menkaure shouts!
Menkaure mumbles some strange words.
Menkaure seems to speed up.
Casting: Scorch (safe; 3% risk of failure)
Confirm with . or Enter, or press ? or * to list all spells.
Aiming: Inner Flame (dangerous; 16% risk of failure)
Press: ? - help, Dir - move target, f - Menkaure
Aim: Menkaure (fast, chance to affect: 64%)
You miscast Inner Flame.
You are very lightly contaminated with residual magic.
There is a sudden and violent explosion of flames.
Casting: Inner Flame (dangerous; 16% risk of failure)
Confirm with . or Enter, or press ? or * to list all spells.
Aiming: Inner Flame (dangerous; 16% risk of failure)
Press: ? - help, Dir - move target, f/p - Menkaure
Aim: Menkaure (fast, chance to affect: 64%) Menkaure struggles to resist.
Casting: Inner Flame (dangerous; 16% risk of failure)
Confirm with . or Enter, or press ? or * to list all spells.
Flames lash Menkaure.
Menkaure is lightly damaged.
Menkaure's fire resistance burns away.
Unknown command.
Casting: Scorch (safe; 3% risk of failure)
Confirm with . or Enter, or press ? or * to list all spells.
Flames lash Menkaure but do no damage.
Menkaure hits you.
Unknown command.
Casting: Scorch (safe; 3% risk of failure)
Confirm with . or Enter, or press ? or * to list all spells.
Flames lash Menkaure.
Menkaure is burned terribly!
Menkaure is heavily damaged.
Menkaure hits you!!
Ouch! That really hurt!
* * * LOW HITPOINT WARNING * * *
Casting: Scorch (safe; 3% risk of failure)
Confirm with . or Enter, or press ? or * to list all spells.
You conjure some foxfire!
Menkaure hits you!!
You die...

....#..#....### #...........#
....#..#.##...###...........#
.......#.####..##...........#
# .......#.#
##.##...........#####
...##.####
#.##...........#§§§# ......#
#.##...(.......#§§§# ......#
#.##...........#§§§# ......#
#.##........[.[##§## ......#
#.v@M..........#§.§# #####.#
###v...........#...# # #.#
###....########.## # #.#
##.#.....##...## # #.#######
#####.#.###.##.#### #
#.##....###.....#.# #..#.####
# #.#...##...##...#.#
##.....÷. #
#....#..###..#..#.# ##..####
###.#..#...#..#...# #.)###


You could see Menkaure (fast, combustible, ally target).

Vanquished Creatures
  The ghost of PotatoSalad1221 the Covert, a novice KoBr (D:4)
  A centaur (D:4)
  Blork the orc (D:4)
  A scorpion (D:4)
  2 iguanas (D:4)
  Natasha (thrice) (D:4)
  8 adders
  A shadow imp (D:4)
  4 worms
  A dart slug (D:1)
  4 orcs
  8 endoplasms
  2 giant cockroaches
  9 goblins
  13 hobgoblins
  7 jackals
  3 quokkas
  3 ball pythons
  5 bats
  2 frilled lizards
  4 kobolds
  6 rats
89 creatures vanquished.

Vanquished Creatures (others)
  216 foxfires
216 creatures vanquished.

Grand Total: 305 creatures vanquished

Notes
Turn   | Place    | Note
-------+----------+-------------------------------------------
     0 | D:1      | Conn the Octopode Fire Elementalist began the quest for the
                  | Orb.
     0 | D:1      | Reached XP level 1. HP: 11/11 MP: 3/3
   300 | D:1      | Reached XP level 2. HP: 17/17 MP: 3/5
   303 | D:1      | Learned a level 2 spell: Scorch
  1112 | D:2      | Reached XP level 3. HP: 22/22 MP: 2/6
  1116 | D:2      | Learned a level 3 spell: Inner Flame
  1448 | D:2      | Reached XP level 4. HP: 27/27 MP: 7/7
  1502 | D:2      | Reached skill level 1 in Fighting
  2316 | D:3      | Found an ornate altar of the Wu Jian Council.
  2523 | D:3      | Reached XP level 5. HP: 28/33 MP: 9/9
  2741 | D:4      | Noticed Menkaure
  2845 | D:3      | Learned a level 4 spell: Flame Wave
  3029 | D:4      | Found a staircase to the Ecumenical Temple.
  3034 | Temple   | Entered the Ecumenical Temple
  3109 | D:4      | Reached XP level 6. HP: 39/39 MP: 6/10
  3164 | D:4      | Noticed Blork the orc
  3170 | D:4      | Killed Blork the orc
  3386 | D:4      | Found a glowing golden altar of the Shining One.
  3487 | D:4      | Noticed Natasha
  3493 | D:4      | Killed Natasha
  3518 | D:4      | Noticed Natasha
  3523 | D:4      | Killed Natasha
  3548 | D:4      | Found a runed translucent door.
  3548 | D:4      | Noticed PotatoSalad1221's ghost (novice KoBr)
  3565 | D:4      | Killed PotatoSalad1221's ghost
  3566 | D:4      | Reached XP level 7. HP: 25/45 MP: 0/13
  3992 | D:4      | Noticed Natasha
  4001 | D:4      | Killed Natasha
  4075 | D:5      | Entered Level 5 of the Dungeon
  4102 | D:4      | Mangled by Menkaure

Illustrated notes

Levels and vault maps discovered:
D:1:      roderic_dead_forest, layout_basic
D:2:      layout_basic, minmay_misc_feat_enclosed, hex_large
D:3:      minmay_chambers_of_threes, layout_basic, lemuel_tele_altar
D:4:      layout_basic, mainiacjoe_overflow_small_starburst,
          minmay_temple_entry_steel_oval, ebering_ghost_inner_flame,
          minmay_crystal_room, uniq_menkaure, uniq_natasha, uniq_blork_the_orc
D:5:      layout_basic, fedhas_altar_2, nicolae_hepliaklqana_monster_ancestors,
          mainiacjoe_overflow_cross_hatched, serial_demonic, serial_demonic_b,
          serial_demonic_a, serial_demonic_d, serial_demonic_b, serial_shops,
          nicolae_diamond_shop, uniq_crazy_yiuf_cottage, uniq_edmund
Temple:   oiseaux_autumnal_temple

Skill      XL: |  1  2  3  4  5  6  7 |
---------------+----------------------+-----
Stealth        | 3 4 |  4.8
Fighting       | 1 2 |  2.7
Conjurations   | 2 3 4 |  4.1
Spellcasting   | 3 4 |  4.2
Dodging        | 3 |  3.4
Fire Magic     | 4 |  4.1

Action                     |  1- 3 |  4- 6 |  7- 9 || total
---------------------------+-------+-------+-------++-------
  Melee: Unarmed           |     8 |       |       ||     8
         Constrict         |     4 |    19 |     1 ||    24
         Tentacles         |     4 |    17 |     3 ||    24
         Short sword       |    12 |    69 |     4 ||    85
         Dagger            |     2 |       |       ||     2
         Punch             |       |     1 |       ||     1
   Cast: Foxfire           |    43 |    79 |     7 ||   129
         Scorch            |       |    14 |     6 ||    20
         Inner Flame       |       |       |     1 ||     1
    Use: Potion            |       |     2 |       ||     2
         Scroll            |       |     1 |     1 ||     2
   Stab: Sleeping          |     1 |     3 |     2 ||     6
 Armour: Skin              |    12 |    37 |     8 ||    57
  Dodge: Dodged            |    18 |    63 |     7 ||    88

Table legend: (Time is in decaauts)
 A = Elapsed time spent in this place.
 B = Non-inter-level travel time spent in this place.
 C = Inter-level travel time spent in this place.
 D = Time resting spent in this place.
 E = Time spent auto-exploring this place.
 F = Levels seen in this place.
 G = Mean time per level.
                   A        B        C        D        E       F      G
               +--------+--------+--------+--------+--------+-----+--------+
         Total |   4111 |   3975 |    136 |     76 |   3109 |   6 |  685.2 |
       Dungeon |   4089 |   3964 |    125 |     76 |   3109 |   5 |  817.8 |
        Temple |     21 |     10 |     11 |      0 |      0 |   1 |   21.0 |
               +--------+--------+--------+--------+--------+-----+--------+

Top non-repeatable levels by time:
     D:4: 1321 daAuts
     D:1: 1079 daAuts
     D:2: 895 daAuts
     D:3: 787 daAuts
  Temple: 21 daAuts
     D:5: 5 daAuts
